 Dungeon Crawl Stone Soup version 0.29.1-15-g9cfb28693d (webtiles) character file.

Game seed: 8585973002306880025

19494 safid the Frost Mage (level 12, -6/102 HPs)
             Began as a Merfolk Ice Elementalist on Apr 7, 2023.
             Was a Priest of Vehumet.
             Engulfed by a cloud of flame (14 damage)
             ... on level 3 of the Lair of Beasts.
             The game lasted 00:29:57 (13239 turns).

safid the Frost Mage (Merfolk Ice Elementalist)    Turns: 13239, Time: 00:29:57

Health: -6/102     AC:  7    Str:  8    XL:     12   Next: 69%
Magic:  33/36      EV: 13    Int: 23    God:    Vehumet [***...]
Gold:   863        SH:  0    Dex: 19    Spells: 19/34 levels left

rFire   + . .      SeeInvis .   v - +8 spear "Sohunlauna" {vorpal, Will+ Int+2 Dex+4}
rCold   + . .      Faith    .   (no shield)
rNeg    . . .      Spirit   .   G - +1 robe of Vines {NoPotionHeal Regen++++}
rPois   .          Reflect  .   C - +1 helmet "Duteh" {rC+ Int+2}
rElec   .          Harm     .   i - +0 cloak
rCorr   .          Rampage  .   e - +0 pair of gloves
Will    +....                   (no boots)
Stlth   ++........              x - amulet of regeneration
HPRegen 4.27/turn               q - ring of protection from fire
MPRegen 0.25/turn               l - ring of magical power

@: no status effects
A: (nimble swimmer 2), mertail
a: Renounce Religion


You were on level 3 of the Lair of Beasts.
You worshipped Vehumet.
Vehumet was most pleased with you.
You visited 3 branches of the dungeon, and saw 14 of its levels.

You collected 863 gold pieces.

Inventory:

Hand Weapons
 j - the +5 falchion "Yleas" {flame, rC+}
   (You found it on level 5 of the Dungeon)

   It burns those it strikes, dealing additional fire damage.
   Big, fiery blades are also staple armaments of hydra-hunters.
   rC:        It protects you from cold.
 v - the +8 spear "Sohunlauna" (weapon) {vorpal, Will+ Int+2 Dex+4}
   (You found it on level 1 of the Lair of Beasts)

   It inflicts extra damage upon your enemies.
   Int:       It affects your intelligence (+2).
   Dex:       It affects your dexterity (+4).
   Will:      It increases your willpower.
Armour
 e - a +0 pair of gloves (worn)
 i - a +0 cloak (worn)
 C - the +1 helmet "Duteh" (worn) {rC+ Int+2}
   (You found it on level 2 of the Lair of Beasts)

   Int:       It affects your intelligence (+2).
   rC:        It protects you from cold.
 D - the +1 robe of the Three Eyes {Regen+ rCorr Dex-3}
   (You found it on level 7 of the Dungeon)

   Dex:       It affects your dexterity (-3).
   Regen:     It increases your rate of health regeneration.
   rCorr:     It protects you from acid and corrosion.
 G - the +1 robe of Vines (worn) {NoPotionHeal Regen++++}
   (You found it on level 8 of the Dungeon)

   Its wearer cannot be healed by potions.
   Regen:     It increases your rate of health regeneration.
Jewellery
 l - a ring of magical power (right hand)
 q - a ring of protection from fire (left hand)
 x - an amulet of regeneration (around neck)
Wands
 a - a wand of paralysis (2)
 t - a wand of digging (8)
 w - a wand of mindburst (24)
 B - a wand of roots (7)
 F - a wand of quicksilver (4)
 N - a wand of polymorph (5)
Scrolls
 f - 4 scrolls of fear
 g - 7 scrolls of teleportation
 m - 5 scrolls of enchant armour
 o - a scroll of magic mapping {unknown}
 r - a scroll of enchant weapon
 y - 2 scrolls of fog
 H - a scroll of noise {unknown}
 K - 2 scrolls of amnesia
 L - a scroll of blinking {unknown}
Potions
 b - 3 potions of magic
 c - 4 potions of lignification {unknown}
 d - 5 potions of heal wounds {unknown}
 h - 3 potions of haste {unknown}
 k - 3 potions of ambrosia {unknown}
 n - 7 potions of curing {unknown}
 p - 3 potions of mutation {unknown}
 s - a potion of berserk rage {unknown}
 u - 3 potions of resistance {unknown}
 z - 3 potions of might {unknown}
 A - a potion of cancellation {unknown}
 E - a potion of attraction {unknown}
 J - a potion of brilliance {unknown}
 M - a potion of degeneration {unknown}
 O - a potion of flight {unknown}


   Skills:
 - Level 12.0 Fighting
 - Level 2.6 Dodging
 - Level 2.1 Stealth
 + Level 11.6 Spellcasting
 + Level 14.2 Ice Magic


You had 19 spell levels left.
You knew the following spells:

 Your Spells              Type           Power      Damage    Failure   Level
a - Freeze                Ice            100%       1d11      0%          1
b - Frozen Ramparts       Ice            100%       1d16      1%          3
c - Ozocubu's Armour      Ice            68%        N/A       1%          3
d - Hailstorm             Conj/Ice       46%        3d11      1%          4
e - Olgreb's Toxic Radia  Pois           13%        N/A       13%         4

Your spell library contained the following spells:

 Spells                   Type           Power      Damage    Failure   Level
 Poisonous Vapours        Pois/Air       26%        N/A       2%          2
 Slow                     Hex            52%        N/A       4%          1
 Airstrike                Air            6%         2d(1-17)  13%         4
 Call Canine Familiar     Summ           13%        N/A       14%         3
 Confusing Touch          Hex            13%        N/A       14%         3
 Portal Projectile        Hex/Tloc       26%        N/A       14%         3
 Vampiric Draining        Necr           13%        2d6       14%         3
 Lightning Bolt           Conj/Air       6%         1d18      32%         5
 Corpse Rot               Necr/Pois/Air  13%        N/A       43%         4
 Leda's Liquefaction      Hex/Erth       6%         N/A       43%         4
 Summon Lightning Spire   Summ/Air       13%        N/A       43%         4
 Summon Forest            Summ/Tloc      6%         N/A       80%         5
 Summon Mana Viper        Hex/Summ       13%        N/A       80%         5
 Conjure Ball Lightning   Conj/Air       6%         3x3d6     85%         6
 Summon Cactus Giant      Summ           6%         N/A       100%        6
 Discord                  Hex            6%         N/A       100%        8
 Disjunction              Tloc           6%         N/A       100%        8


Dungeon Overview and Level Annotations

Branches:
Dungeon (10/15)            Temple (1/1) D:6            Lair (3/5) D:9
  Snake (0/4) Lair:2          Orc (0/2) D:9
  Swamp: Lair:2-3    Shoals: Lair:2-3

Altars:
Ashenzari
Cheibriados
Dithmenos
Elyvilon
Fedhas
Gozag
Hepliaklqana
Kikubaaqudgha
Makhleb
Nemelex Xobeh
Okawaru
Qazlal
Ru
Sif Muna
Trog
Uskayaw
Vehumet
Wu Jian
Xom
Yredelemnul
Zin
The Shining One

Shops:
D:3 =   D:9 (=

Annotations:
D:3 3 runed translucent doors, QwertyIsDirtey123's ghost, amateur MiBe
D:10 exclusion: orange crystal statue
Lair:1 exclusion: ice dragon


Innate Abilities, Weirdness & Mutations

((You are very nimble when in or above water. (Stealth+, EV+, Speed+++)))
Your lower body shifts to a powerful aquatic tail in water.


Message History

The fire crab bites you!
You are engulfed in flames.
You resist. The fire crab claws you.
You are engulfed in flames.
You resist.
* * * LOW HITPOINT WARNING * * *
Casting: Freeze (safe; 0% risk of failure)
Confirm with . or Enter, or press ? or * to list all spells.
Aiming: Freeze (safe; 0% risk of failure)
Press: ? - help, Shift-Dir - straight line, f/p - fire crab
Aim: a fire crab (flame, severely wounded)
You freeze the fire crab.
The fire crab is severely wounded.
The fire crab breathes flames at you. The blast of flame misses you.
The fire crab bites you!
* * * LOW HITPOINT WARNING * * *
You are engulfed in flames.
You resist.
* * * LOW HITPOINT WARNING * * *
The fire crab claws you!
* * * LOW HITPOINT WARNING * * *
You are engulfed in flames.
You resist.
* * * LOW HITPOINT WARNING * * *
Casting: Freeze (safe; 0% risk of failure)
Confirm with . or Enter, or press ? or * to list all spells.
Aiming: Freeze (safe; 0% risk of failure)
Press: ? - help, Shift-Dir - straight line, f/p - fire crab
Aim: a fire crab (severely wounded)
You freeze the fire crab!
The fire crab is almost dead.
The fire crab breathes flames at you. The blast of flame engulfs you.
You resist.
* * * LOW HITPOINT WARNING * * *
Casting: Freeze (safe; 0% risk of failure)
Confirm with . or Enter, or press ? or * to list all spells.
Aiming: Freeze (safe; 0% risk of failure)
Press: ? - help, Shift-Dir - straight line, f/p - fire crab
Aim: a fire crab (flame, almost dead)
You freeze the fire crab!
You kill the fire crab!
Vehumet accepts your kill.
You feel your power returning.
You are engulfed in blazing flames.
You resist.
You die...

#......P
#.......
#......#
#...... P..$.#
## ##...###.#
#.○.....# #
#○○@○..+.#
##○○.○....#
#.○○○○..#.#
#..........#
#.#........#
............#
...##..........
...#
#.##+.####..
### ### ..# ###


There were no monsters in sight!

Vanquished Creatures
  4 hydras
  2 two-headed ogres
  A death yak (Lair:1)
  A fire crab (Lair:3)
  Pikel (D:4)
  An elephant (Lair:1)
  A black mamba (Lair:2)
  A torpor snail (Lair:2)
  3 cane toads (Lair:1)
  A gargoyle (D:10)
  4 komodo dragons
  A rime drake (Lair:2)
  2 hornets
  2 trolls (D:8)
  A polar bear (Lair:1)
  4 blink frogs (Lair:1)
  3 dream sheep (Lair:2)
  A wyvern (Lair:1)
  A wraith (D:10)
  30 yaks
  A steam dragon (D:6)
  4 basilisks (Lair:2)
  Edmund (D:4)
  An acid dragon (D:9)
  4 water moccasins
  2 orc warriors
  A black bear (D:8)
  4 wolves (Lair:2)
  2 ice beasts
  2 ogres
  A centaur (D:9)
  A lemure (D:3)
  Blork the orc (D:4)
  7 bullfrogs
  A kobold brigand (D:7)
  3 necrophages
  A gnoll sergeant (D:5)
  3 scorpions
  11 wights
  3 killer bees (D:9)
  6 howler monkeys
  2 orc priests
  A hound (D:5)
  2 jellies
  2 orc wizards
  4 iguanas
  9 gnolls
  7 adders
  2 white imps
  A worm (D:2)
  22 orcs
  5 endoplasms
  2 giant cockroaches
  9 goblins
  8 hobgoblins
  10 kobolds
  2 quokkas
  2 ball pythons
  5 bats
  A frilled lizard (D:2)
  4 rats
  A spectral goblin (D:2)
226 creatures vanquished.

Vanquished Creatures (others)
  11 fungi
  33 plants
44 creatures vanquished.

Grand Total: 270 creatures vanquished

Notes
Turn   | Place    | Note
-------+----------+-------------------------------------------
     0 | D:1      | safid the Merfolk Ice Elementalist began the quest for the
                  | Orb.
     0 | D:1      | Reached XP level 1. HP: 13/13 MP: 3/3
   283 | D:1      | Reached XP level 2. HP: 20/20 MP: 3/5
   351 | D:1      | Reached skill level 1 in Fighting
   816 | D:1      | Reached XP level 3. HP: 24/26 MP: 3/6
  1266 | D:2      | Found a faded altar of an unknown god.
  1353 | D:2      | Learned a level 3 spell: Frozen Ramparts
  1549 | D:2      | Reached skill level 5 in Ice Magic
  1704 | D:2      | Reached XP level 4. HP: 33/33 MP: 8/8
  1732 | D:2      | Learned a level 3 spell: Ozocubu's Armour
  2369 | D:3      | Found a runed translucent gate.
  2375 | D:3      | Noticed QwertyIsDirtey123's ghost (amateur MiBe)
  2377 | D:3      | Found a runed translucent gate.
  2377 | D:3      | Found a runed translucent gate.
  2613 | D:3      | Found Remeugue's Jewellery Boutique.
  2789 | D:4      | Noticed a scorpion
  2799 | D:4      | Killed a scorpion
  2800 | D:4      | Reached XP level 5. HP: 25/41 MP: 1/9
  2835 | D:4      | Noticed Blork the orc
  2865 | D:4      | Killed Blork the orc
  2866 | D:4      | Reached XP level 6. HP: 33/47 MP: 2/11
  3137 | D:4      | Reached skill level 6 in Ice Magic
  3192 | D:4      | Noticed Edmund
  3212 | D:4      | Killed Edmund
  3213 | D:4      | Reached XP level 7. HP: 31/54 MP: 0/13
  3386 | D:4      | Noticed Pikel
  3623 | D:4      | Killed Pikel
  3624 | D:4      | Reached skill level 5 in Fighting
  3624 | D:4      | Reached skill level 5 in Spellcasting
  3624 | D:4      | Reached skill level 7 in Ice Magic
  3624 | D:4      | Reached XP level 8. HP: 35/63 MP: 2/15
  4042 | D:5      | Entered Level 5 of the Dungeon
  4502 | D:5      | Identified the +5 ring mail of the Shrike {rF+ rC- Regen+}
  4619 | D:5      | Identified the +5 falchion "Yleas" {flame, rC+}
  4921 | D:5      | Reached skill level 8 in Ice Magic
  5600 | D:5      | Found a snail-covered altar of Cheibriados.
  5686 | D:5      | Found a glowing silver altar of Zin.
  5713 | D:6      | Reached XP level 9. HP: 71/71 MP: 15/18
  5932 | D:6      | Found a staircase to the Ecumenical Temple.
  5978 | Temple   | Entered the Ecumenical Temple
  6119 | Temple   | Became a worshipper of Vehumet
  6309 | D:6      | Noticed a two-headed ogre
  6320 | D:6      | Killed a two-headed ogre
  6321 | D:6      | Reached skill level 9 in Ice Magic
  6778 | D:7      | Identified the +1 robe of the Three Eyes {Regen+ rCorr
                  | Dex-3}
  7314 | D:7      | Found a sacrificial altar of Ru.
  7314 | D:7      | Found a glowing golden altar of the Shining One.
  7398 | D:7      | Found an iron altar of Okawaru.
  7892 | D:8      | Found a white marble altar of Elyvilon.
  7934 | D:8      | Found a hazy altar of Hepliaklqana.
  8094 | D:8      | Noticed a troll
  8100 | D:8      | Noticed a five-headed hydra
  8104 | D:8      | Killed a troll
  8105 | D:8      | Reached XP level 10. HP: 72/82 MP: 13/21
  8111 | D:8      | Killed a five-headed hydra
  8112 | D:8      | Reached skill level 10 in Ice Magic
  8205 | D:8      | Found the +1 robe of Vines {NoPotionHeal Regen++++}
  8242 | D:8      | Reached * piety under Vehumet
  8242 | D:8      | Offered knowledge of Sandblast by Vehumet.
  8866 | D:9      | Found a staircase to the Lair.
  9086 | D:9      | Found a staircase to the Orcish Mines.
  9101 | D:9      | Found Kebats's Weapon Boutique.
  9124 | D:9      | Reached skill level 10 in Fighting
  9124 | D:9      | Reached skill level 11 in Ice Magic
  9183 | D:9      | Found Mynly's Jewellery Shop.
  9330 | D:9      | Noticed a two-headed ogre
  9340 | D:9      | Killed a two-headed ogre
  9350 | D:9      | Reached XP level 11. HP: 48/91 MP: 11/23
  9355 | D:9      | Learned a level 4 spell: Hailstorm
 10105 | D:10     | Entered Level 10 of the Dungeon
 10124 | D:10     | Noticed an orange crystal statue
 10400 | D:10     | Reached ** piety under Vehumet
 10643 | D:10     | Offered knowledge of Magic Dart by Vehumet.
 10976 | Lair:1   | Entered Level 1 of the Lair of Beasts
 10988 | Lair:1   | Reached skill level 12 in Ice Magic
 11092 | Lair:1   | You fall into a shaft and drop 1 floor!
 11168 | Lair:1   | Noticed a five-headed hydra
 11176 | Lair:1   | Reached skill level 10 in Spellcasting
 11183 | Lair:1   | Killed a four-headed hydra
 11518 | Lair:1   | Noticed a death yak
 11531 | Lair:1   | Reached XP level 12. HP: 84/102 MP: 24/26
 11537 | Lair:1   | Offered knowledge of Scorch by Vehumet.
 11586 | Lair:1   | Identified the +8 spear "Sohunlauna" {vorpal, Will+ Int+2
                  | Dex+4}
 11796 | Lair:1   | Reached skill level 13 in Ice Magic
 11976 | Lair:1   | Noticed an ice dragon
 12033 | Lair:1   | Noticed an eight-headed hydra
 12042 | Lair:1   | Killed an eight-headed hydra
 12153 | Lair:1   | Killed a death yak
 12423 | Lair:2   | Found a bloodstained altar of Trog.
 12658 | Lair:2   | Reached *** piety under Vehumet
 12744 | Lair:2   | Offered knowledge of Olgreb's Toxic Radiance by Vehumet.
 12745 | Lair:2   | Reached skill level 14 in Ice Magic
 12750 | Lair:2   | Learned a level 4 spell: Olgreb's Toxic Radiance
 12791 | Lair:2   | Found a staircase to the Snake Pit.
 12854 | Lair:2   | Identified the +1 helmet "Duteh" {rC+ Int+2}
 12975 | Lair:2   | Noticed a five-headed hydra
 12984 | Lair:2   | Killed a five-headed hydra
 13239 | Lair:3   | Engulfed by a cloud of flame

Illustrated notes

Levels and vault maps discovered:
D:1:      matt_arrival_grand_opening, layout_loops_corners
D:2:      layout_basic, dreamdust_ecumenical_altar_drowned_temple
D:3:      layout_rooms, gammafunk_ghost_split, serial_shops, shop
D:4:      layout_rooms, uniq_pikel, uniq_blork_the_orc, uniq_edmund
D:5:      layout_loops_ring, nicolae_overflow_hidden_temple
D:6:      layout_cave_pools, minmay_temple_entry_statues
D:7:      layout_basic, general_overflow_altar,
          gammafunk_temple_overflow_elements
D:8:      layout_loops_cross, jmf_multi_god_temple,
          hellmonk_guarded_unrand_vines
D:9:      layout_basic, david_lair_shrubbed, orc_0_dummy, serial_glass,
          glass_columns_b, glass_columns_a, serial_shops, shop, shop
D:10:     layout_loops_ring, minmay_misc_feat_more_columns, minmay_statue_bubble
Temple:   nicolae_temple_bog_church
Lair:1:   dragon1_lemuel, layout_hall_layers, minmay_shattered_shrine,
          serial_bayou_shore_b, infiniplex_staircase_pool_2
Lair:2:   layout_loops_ring, guppyfry_snake_entry_garden, basic_altar,
          nicolae_quartered_pool_little
Lair:3:   layout_roguey, minmay_shoals_entry_centaurs, uniq_amaemon

Skill      XL: |  1  2  3  4  5  6  7  8  9 10 11 12 |
---------------+-------------------------------------+-----
Fighting       | 1 2 3 4 5 6 8 10 11 12 | 12.0
Ice Magic      | 5 6 7 8 9 11 12 14 | 14.2
Spellcasting   | 3 4 5 6 7 8 10 11 | 11.6
Dodging        | |  2.6
Stealth        | |  2.1

Action                   |  1- 3 |  4- 6 |  7- 9 | 10-12 || total
-------------------------+-------+-------+-------+-------++-------
Melee: Unarmed           |     3 |       |       |       ||     3
       Dagger            |    13 |       |       |       ||    13
       Short sword       |    13 |    47 |    35 |       ||    95
       Punch             |       |     1 |     1 |     8 ||    10
       Falchion          |       |       |    92 |   159 ||   251
       Whip              |       |       |     4 |       ||     4
       Spear             |       |       |       |    74 ||    74
 Cast: Freeze            |    35 |    30 |    29 |    45 ||   139
       Frozen Ramparts   |       |     8 |    30 |    62 ||   100
       Ozocubu's Armour  |       |     3 |    21 |    37 ||    61
Evoke: Wand              |       |       |     1 |       ||     1
  Use: Scroll            |       |       |     5 |     5 ||    10
 Stab: Sleeping          |     5 |     3 |     3 |       ||    11
Armor: Robe              |    13 |    14 |    47 |   116 ||   190
Dodge: Dodged            |    27 |    39 |   109 |   191 ||   366
